Map: Frost LE

Players

Neeblet (Neeb) - Winner!

  • Race: Protoss Protoss

Patience

  • Race: Protoss Protoss

Event: 2016 WCS Global Finals

VOD

Have the link to the VOD?

Description

Time

  • Played on: Oct. 27, 2016, 2:07 p.m.
  • Length: 12:21

All games in this series

Show
View Real Time Build Order
Export as new Build Order

Neeblet Protoss - Winner!

Build Orders:  

Get SALT Encoding   

  12  0:00  Probe (Chrono Boost)  
  13  0:11  Probe (Chrono Boost)  
  14  0:17  Pylon  
  14  0:22  Probe (Chrono Boost)  
  15  0:35  Probe (Chrono Boost)  
  16  0:36  Gateway  
  16  0:46  Probe (Chrono Boost)  
  16  0:47  Assimilator  
  17  0:51  Assimilator  
  17  0:56  Probe (Chrono Boost)  
  18  1:07  Probe (Chrono Boost)  
  18  1:09  Gateway  
  19  1:17  Probe (Chrono Boost)  
  20  1:25  Cybernetics Core  
  20  1:28  Probe (Chrono Boost)  
  21  1:35  Pylon  
  21  1:38  Probe (Chrono Boost)  
  22  1:48  Warp Gate  
  22  1:49  Probe (Chrono Boost)  
  23  2:02  Probe (Chrono Boost)  
  23  2:05  Stalker  
  23  2:06  Stalker  
  28  2:19  Mothership Core (Chrono Boost)  
  28  2:20  Pylon  
  30  2:37  Stalker x2  
  34  3:03  Nexus  
  34  3:09  Probe (Chrono Boost)  
  34  3:12  Sentry  
  37  3:21  Probe (Chrono Boost)  
  37  3:25  Robotics Facility  
  38  3:33  Probe (Chrono Boost)  
  39  3:36  Pylon  
  38  3:47  Pylon, Probe (Chrono Boost)  
  39  3:55  Adept x2  
  43  3:58  Probe (Chrono Boost)  
  44  4:09  Probe (Chrono Boost)  
  45  4:10  Observer  
  45  4:16  Probe (Chrono Boost)  
  47  4:18  Twilight Council  
  47  4:21  Probe (Chrono Boost)  
  48  4:26  Probe (Chrono Boost)  
  48  4:28  Immortal  
  49  4:36  Probe (Chrono Boost)  
  49  4:37  Probe (Chrono Boost)  
  55  4:41  Blink  
  55  4:48  Probe x2 (Chrono Boost)  
  55  4:54  Gateway  
  57  5:00  Probe (Chrono Boost)  
  57  5:01  Probe (Chrono Boost)  
  55  5:10  Assimilator  
  55  5:11  Assimilator  
  55  5:12  Probe (Chrono Boost)  
  55  5:13  Probe (Chrono Boost)  
  55  5:14  Stalker  
  59  5:16  Sentry  
  61  5:25  Pylon  
  61  5:26  Probe x2 (Chrono Boost)  
  61  5:27  Immortal  
  63  5:29  Pylon  
  67  5:39  Probe x2 (Chrono Boost)  
  69  5:53  Gateway x2  
  69  5:56  Gateway  
  69  5:57  Gateway  
  69  6:01  Immortal  
  75  6:12  Probe x2 (Chrono Boost)  
  75  6:17  Templar Archives  
  75  6:23  Stalker  
  75  6:24  Stalker  
  79  6:28  Pylon  
  79  6:31  Pylon  
  79  6:36  Warp Prism  
  79  6:44  Stalker  
  83  6:54  Stalker x3  
  87  6:56  Stalker  
  91  7:03  Stalker x2  
  95  7:10  Pylon  
  95  7:20  Stalker x3  
  101  7:24  Pylon  
  99  7:46  Stalker x3  
  99  7:47  Stalker x3  
  105  7:59  Stalker  
  90  8:06  Probe (Chrono Boost)  
  90  8:12  Nexus  
  88  8:25  Stalker x4  
  96  8:31  Immortal  
  82  8:35  Probe x2 (Chrono Boost)  
  76  8:47  Probe (Chrono Boost)  
  62  8:50  Probe (Chrono Boost)  
  62  8:52  Stalker x2, Sentry x2  
  62  8:53  Stalker x3  
  72  8:59  Probe (Chrono Boost)  
  74  9:05  Immortal, Forge  
  74  9:15  Stalker  
  74  9:16  Sentry x2  
  83  9:20  Resonating Glaives  
  83  9:22  High Templar x2  
  87  9:26  Archon, Stalker  
  89  9:33  Pylon  
  89  9:34  Protoss Ground Weapons Level 1  
  89  9:42  Immortal  
  89  9:47  Probe x2 (Chrono Boost)  
  93  9:57  Pylon  
  93  10:01  Stalker x2  
  93  10:02  Stalker  
  99  10:08  Pylon  
  99  10:13  Stalker x2  
  103  10:15  Adept x2  
  107  10:21  Photon Cannon, Warp Prism  
  109  10:29  Adept  
  111  10:35  Adept  
  111  10:36  Adept x2  
  117  10:43  Stalker x2  
  117  10:46  Adept  
  123  10:53  Photon Cannon  
  123  10:54  Photon Cannon  
  123  11:00  Adept x3  
  129  11:14  Stalker  
  129  11:15  Stalker  
  131  11:27  Adept x5  
  142  11:34  Probe x2 (Chrono Boost)  
  143  11:42  Robotics Bay  
  143  11:45  Adept x2  
  147  11:48  Adept x2  
  147  11:49  Adept  
  123  12:13  Stalker  
  123  12:14  Stalker x6  
Show
View Real Time Build Order
Export as new Build Order

Patience Protoss 

Build Orders:  

Get SALT Encoding   

  12  0:01  Probe (Chrono Boost)  
  13  0:11  Probe (Chrono Boost)  
  14  0:17  Pylon  
  14  0:22  Probe (Chrono Boost)  
  16  0:35  Probe (Chrono Boost)  
  16  0:38  Gateway  
  16  0:45  Assimilator  
  16  0:46  Probe (Chrono Boost)  
  17  0:52  Assimilator  
  18  0:57  Probe (Chrono Boost)  
  18  1:07  Probe (Chrono Boost)  
  18  1:09  Gateway  
  19  1:18  Probe (Chrono Boost)  
  20  1:26  Cybernetics Core  
  20  1:28  Probe (Chrono Boost)  
  21  1:36  Pylon  
  21  1:39  Probe (Chrono Boost)  
  22  1:49  Probe (Chrono Boost)  
  22  1:54  Warp Gate  
  23  2:03  Mothership Core (Chrono Boost)  
  29  2:24  Nexus  
  29  2:27  Probe (Chrono Boost)  
  26  2:40  Stalker  
  26  2:41  Stalker  
  30  2:49  Pylon  
  31  2:52  Probe (Chrono Boost)  
  31  3:07  Robotics Facility  
  31  3:09  Probe (Chrono Boost)  
  31  3:12  Sentry  
  34  3:14  Sentry  
  36  3:24  Probe (Chrono Boost)  
  37  3:31  Pylon  
  37  3:33  Gateway  
  37  3:40  Probe (Chrono Boost)  
  38  3:41  Probe (Chrono Boost)  
  38  3:51  Probe (Chrono Boost)  
  38  3:52  Probe (Chrono Boost)  
  38  3:53  Observer  
  41  3:59  Sentry  
  44  4:03  Twilight Council  
  44  4:04  Probe (Chrono Boost)  
  44  4:05  Probe (Chrono Boost)  
  45  4:13  Warp Prism  
  45  4:16  Probe x2 (Chrono Boost)  
  49  4:27  Probe (Chrono Boost)  
  49  4:28  Pylon, Probe (Chrono Boost)  
  52  4:39  Probe (Chrono Boost)  
  52  4:40  Probe (Chrono Boost)  
  52  4:43  Adept x2  
  56  4:50  Observer, Probe (Chrono Boost), Blink  
  56  4:52  Probe (Chrono Boost)  
  58  5:02  Probe (Chrono Boost)  
  58  5:04  Probe (Chrono Boost)  
  60  5:11  Immortal  
  60  5:12  Assimilator  
  60  5:13  Assimilator  
  60  5:15  Forge  
  60  5:19  Probe (Chrono Boost)  
  66  5:21  Probe (Chrono Boost)  
  66  5:31  Probe (Chrono Boost)  
  66  5:33  Probe (Chrono Boost)  
  68  5:38  Phoenix  
  69  5:43  Probe (Chrono Boost)  
  69  5:45  Probe (Chrono Boost), Robotics Bay  
  69  5:48  Protoss Ground Weapons Level 1  
  70  5:50  Pylon  
  70  5:56  Nexus  
  70  5:57  Pylon  
  70  6:05  Pylon  
  70  6:06  Immortal  
  70  6:10  Probe x2 (Chrono Boost)  
  76  6:19  Gateway  
  76  6:23  Gateway  
  78  6:25  Probe (Chrono Boost)  
  78  6:27  Probe (Chrono Boost)  
  78  6:31  Gateway  
  78  6:37  Probe (Chrono Boost)  
  79  6:40  Disruptor  
  79  6:45  Pylon  
  82  6:47  Stalker x2  
  82  6:50  Stalker  
  88  6:57  Probe x2 (Chrono Boost)  
  90  7:08  Pylon  
  90  7:12  Stalker x2  
  90  7:14  Stalker  
  96  7:19  Disruptor  
  95  7:24  Photon Cannon  
  95  7:29  Stalker  
  100  7:30  Stalker, Sentry  
  104  7:42  Stalker x3  
  103  7:49  Pylon, Stalker x3  
  91  7:59  Stalker x3  
  70  8:14  Stalker x3  
  77  8:23  Stalker x2  
  79  8:29  Stalker  
  66  8:37  Stalker  
  66  8:38  Stalker x2  
  47  8:54  Probe (Chrono Boost)  
  47  8:55  Probe (Chrono Boost)  
  49  9:03  Adept x2  
  49  9:05  Probe x3 (Chrono Boost)  
  56  9:12  Robotics Facility  
  56  9:15  Probe (Chrono Boost)  
  56  9:16  Probe (Chrono Boost)  
  58  9:22  Probe (Chrono Boost)  
  59  9:26  Probe (Chrono Boost)  
  59  9:27  Sentry x2  
  59  9:28  Sentry  
  59  9:29  Probe (Chrono Boost)  
  67  9:33  Probe (Chrono Boost)  
  67  9:36  Probe (Chrono Boost)  
  69  9:40  Probe (Chrono Boost)  
  69  9:44  Probe (Chrono Boost)  
  67  9:47  Probe (Chrono Boost)  
  67  9:51  Pylon  
  69  9:53  Probe (Chrono Boost)  
  69  9:54  Protoss Ground Weapons Level 2  
  69  9:55  Probe (Chrono Boost), Disruptor  
  69  9:56  Adept  
  69  9:58  Mothership Core (Chrono Boost)  
  74  10:05  Probe (Chrono Boost)  
  79  10:14  Probe (Chrono Boost)  
  79  10:16  Assimilator  
  79  10:17  Probe (Chrono Boost)  
  78  10:22  Probe (Chrono Boost)  
  79  10:29  Resonating Glaives  
  79  10:30  Pylon  
  79  10:31  Disruptor  
  79  10:32  Adept x2  
  86  10:47  Gateway  
  86  10:49  Gateway  
  86  10:52  Adept x3  
  92  11:02  Disruptor  
  92  11:04  Pylon  
  92  11:06  Pylon  
  95  11:14  Adept x3  
  101  11:18  Adept  
  101  11:23  Adept x2  
  104  11:33  Pylon  
  104  11:35  Stalker  
  104  11:37  Stalker  
  104  11:39  Disruptor  
  109  11:53  Adept x2  
  111  12:08  Adept x4  
Tags
 
Add a new tag
Caveats
  • Supply blocks, unpowered buildings, or Contaminate may cause inaccurate times.
  • Supply counts are checked every 10 seconds.